SAA
LANCASTER FARMERS @ BETHESDA ATOMS
07/14/2028
 
TOP OF THE 1ST
Lancaster Farmers batting - Pitching for Bethesda Atoms : LHP Mike Foltynewicz
Pitching: LHP Mike Foltynewicz
Batting: RHB Roberto Camacho 0-0: Called Strike
0-1: Ground out 5-3 (Groundball, 56S)
Batting: LHB Carlos Germán 0-0: Ball
1-0: Foul Ball, location: 2F
1-1: Fly out, F9 (Line Drive, 9)
Batting: RHB Danijel van Aalten 0-0: Called Strike
0-1: Fly out, F9 (Flyball, 9S)
Top of the 1st over - 0 run(s), 0 hit(s), 0 error(s), 0 left on base; Lancaster 0 - Bethesda 0
BOTTOM OF THE 1ST
Bethesda Atoms batting - Pitching for Lancaster Farmers : RHP Santiago López
Pitching: RHP Santiago López
Batting: RHB Bartolo Rosas 0-0: Ball
1-0: Ball
2-0: Ball
3-0: Base on Balls
Batting: RHB Carlos Soto 0-0: Ball
1-0: Called Strike
1-1: Ball
2-1: Foul Ball, location: 2F
2-2: Ball
3-2: Foul Ball, location: 2F
3-2: Ground out 6-3 (Groundball, 56)
Bartolo Rosas to second
Batting: RHB Patrick Eggen 0-0: Ball
1-0: Foul Ball, location: 2F
1-1: Foul Ball, location: 2F
1-2: Ball
2-2: Ball
3-2: Foul Ball, location: 2F
3-2: Base on Balls
Batting: SHB Nuygen Vuong 0-0: Ball
1-0: Ball
2-0: TRIPLE (Flyball, 89D)
Bartolo Rosas scores
Patrick Eggen scores
Batting: RHB Albert Zamudio 0-0: Swinging Strike
0-1: Foul Ball, location: 2F
0-2: Strikes out swinging
Batting: RHB Carlos Deleón 0-0: Swinging Strike
0-1: Foul Ball, location: 2F
0-2: Strikes out swinging
Bottom of the 1st over - 2 run(s), 1 hit(s), 0 error(s), 1 left on base; Lancaster 0 - Bethesda 2
TOP OF THE 2ND
Lancaster Farmers batting - Pitching for Bethesda Atoms : LHP Mike Foltynewicz
Batting: SHB Javier Vega 0-0: Ball
1-0: Called Strike
1-1: Ball
2-1: Called Strike
2-2: Ball
3-2: Ground out 6-3 (Groundball, 6)
Batting: RHB António Gonzáles 0-0: Ball
1-0: Swinging Strike
1-1: Ball
2-1: Ball
3-1: Base on Balls
Batting: RHB Edgardo Castro 0-0: Ball
1-0: Swinging Strike
1-1: Called Strike
1-2: Foul Ball, location: 2F
1-2: Strikes out swinging
Batting: SHB Alfredo Sánchez 0-0: Foul Ball, location: 2F
0-1: Ball
1-1: Swinging Strike
1-2: Ball
2-2: Foul Ball, location: 2F
2-2: Foul Ball, location: 2F
2-2: Fielders Choice at 2nd, 5-4 (Groundball, 56)
Top of the 2nd over - 0 run(s), 0 hit(s), 0 error(s), 0 left on base; Lancaster 0 - Bethesda 2
BOTTOM OF THE 2ND
Bethesda Atoms batting - Pitching for Lancaster Farmers : RHP Santiago López
Batting: RHB Carlos León 0-0: Ball
1-0: SINGLE (Groundball, 56S) (infield hit)
Batting: SHB Pedro Ortega 0-0: Ball
1-0: Called Strike
1-1: Ball
2-1: Grounds into double play, 4-6-3 (Groundball, 34)
Batting: RHB Raúl Francisco 0-0: Ground out 6-3 (Groundball, 56)
Bottom of the 2nd over - 0 run(s), 1 hit(s), 0 error(s), 0 left on base; Lancaster 0 - Bethesda 2
TOP OF THE 3RD
Lancaster Farmers batting - Pitching for Bethesda Atoms : LHP Mike Foltynewicz
Batting: RHB Diego Méndez 0-0: Called Strike
0-1: Swinging Strike
0-2: Strikes out swinging
Batting: LHB Mark Armstead 0-0: Ball
1-0: Called Strike
1-1: Swinging Strike
1-2: Ball
2-2: Ball
3-2: SINGLE (Flyball, 7LM)
Batting: RHB Roberto Camacho 0-0: Fielders Choice at 2nd, 3-6 (Groundball, 3)
Batting: LHB Carlos Germán 0-0: Ball
Roberto Camacho is caught stealing 2nd base
Top of the 3rd over - 0 run(s), 1 hit(s), 0 error(s), 0 left on base; Lancaster 0 - Bethesda 2
BOTTOM OF THE 3RD
Bethesda Atoms batting - Pitching for Lancaster Farmers : RHP Santiago López
Batting: RHB Bartolo Rosas 0-0: Called Strike
0-1: Foul Ball, location: 2F
0-2: Ball
1-2: Foul Ball, location: 2F
1-2: Ball
2-2: Ball
3-2: Foul Ball, location: 2F
3-2: SINGLE (Line Drive, 89S)
Batting: RHB Carlos Soto 0-0: Ball
Bartolo Rosas steals 2nd base
1-0: Called Strike
1-1: Foul Ball, location: 2F
1-2: Ball
2-2: SINGLE (Groundball, 56S) (infield hit)
Bartolo Rosas to third
Batting: RHB Patrick Eggen 0-0: Called Strike
0-1: Ball
1-1: Ball
2-1: Called Strike
2-2: Grounds into double play, 6-4-3 (Groundball, 6)
Bartolo Rosas scores
Batting: SHB Nuygen Vuong 0-0: Called Strike
0-1: Foul Ball, location: 2F
0-2: Ball
1-2: Strikes out swinging
Bottom of the 3rd over - 1 run(s), 2 hit(s), 0 error(s), 0 left on base; Lancaster 0 - Bethesda 3
TOP OF THE 4TH
Lancaster Farmers batting - Pitching for Bethesda Atoms : LHP Mike Foltynewicz
Batting: LHB Carlos Germán 0-0: Ball
1-0: Ball
2-0: SOLO HOME RUN (Flyball, 7LD), Distance : 345 ft
Batting: RHB Danijel van Aalten 0-0: Called Strike
0-1: Ball
1-1: Ball
2-1: Fly out, F7 (Flyball, 7)
Batting: SHB Javier Vega 0-0: Called Strike
0-1: Swinging Strike
0-2: Ball
1-2: Ball
2-2: Foul Ball, location: 2F
2-2: SINGLE (Line Drive, 8LS)
Batting: RHB António Gonzáles 0-0: Called Strike
0-1: Foul Ball, location: 2F
0-2: Strikes out swinging
Batting: RHB Edgardo Castro 0-0: Called Strike
0-1: Ball
1-1: Ball
2-1: Hit by Pitch
Javier Vega to second
Batting: SHB Alfredo Sánchez 0-0: Called Strike
0-1: Foul Ball, location: 2F
0-2: Fielders Choice at 2nd, 4-6 (Groundball, 34)
Top of the 4th over - 1 run(s), 2 hit(s), 0 error(s), 1 left on base; Lancaster 1 - Bethesda 3
BOTTOM OF THE 4TH
Bethesda Atoms batting - Pitching for Lancaster Farmers : RHP Santiago López
Batting: RHB Albert Zamudio 0-0: Ball
1-0: SINGLE (Flyball, 9LS)
Batting: RHB Carlos Deleón 0-0: Ball
1-0: Called Strike
1-1: Ball
2-1: Called Strike
2-2: Foul Ball, location: 2F
2-2: SINGLE (Groundball, 56D)
Albert Zamudio to second
Batting: RHB Carlos León 0-0: Foul Ball, location: 2F
0-1: Foul Ball, location: 2F
0-2: Strikes out swinging
Batting: SHB Pedro Ortega 0-0: Ball
1-0: Ball
2-0: Called Strike
2-1: Called Strike
2-2: Ball
3-2: Base on Balls
Albert Zamudio to third
Carlos Deleón to second
Batting: RHB Raúl Francisco 0-0: Called Strike
0-1: Ball
1-1: DOUBLE (Line Drive, 78M)
Albert Zamudio scores
Carlos Deleón scores
Pedro Ortega to third
Batting: RHB Bartolo Rosas 0-0: Ball
1-0: Called Strike
1-1: Called Strike
1-2: Ball
2-2: Ball
3-2: Fly out, F4 (Popup, 4D)
Batting: RHB Carlos Soto 0-0: Ball
1-0: Ball
2-0: Called Strike
2-1: Foul Ball, location: 2F
2-2: Ground out 5-3 (Groundball, 56)
Bottom of the 4th over - 2 run(s), 3 hit(s), 0 error(s), 2 left on base; Lancaster 1 - Bethesda 5
TOP OF THE 5TH
Lancaster Farmers batting - Pitching for Bethesda Atoms : LHP Mike Foltynewicz
Batting: RHB Diego Méndez 0-0: Called Strike
0-1: Swinging Strike
0-2: Ball
1-2: Ball
2-2: Foul Ball, location: 2F
2-2: Foul Ball, location: 2F
2-2: Strikes out swinging
Batting: LHB Mark Armstead 0-0: Swinging Strike
0-1: Ball
1-1: Ground out 4-3 (Groundball, 4M)
Batting: RHB Roberto Camacho 0-0: Ball
1-0: Ground out 4-3 (Groundball, 4)
Top of the 5th over - 0 run(s), 0 hit(s), 0 error(s), 0 left on base; Lancaster 1 - Bethesda 5
BOTTOM OF THE 5TH
Bethesda Atoms batting - Pitching for Lancaster Farmers : RHP Santiago López
Batting: RHB Patrick Eggen 0-0: Called Strike
0-1: Ball
1-1: Ground out 4-3 (Groundball, 4)
Batting: SHB Nuygen Vuong 0-0: Ball
1-0: Ball
2-0: Foul Ball, location: 2F
2-1: Called Strike
2-2: Fly out, F7 (Flyball, 7)
Batting: RHB Albert Zamudio 0-0: Ball
1-0: Ground out 5-3 (Groundball, 56)
Bottom of the 5th over - 0 run(s), 0 hit(s), 0 error(s), 0 left on base; Lancaster 1 - Bethesda 5
TOP OF THE 6TH
Lancaster Farmers batting - Pitching for Bethesda Atoms : LHP Mike Foltynewicz
Batting: LHB Carlos Germán 0-0: Ball
1-0: Called Strike
1-1: Foul Ball, location: 2F
1-2: Strikes out swinging
Batting: RHB Danijel van Aalten 0-0: Foul Ball, location: 2F
0-1: Ball
1-1: Swinging Strike
1-2: Ball
2-2: Strikes out swinging
Batting: SHB Javier Vega 0-0: Ball
1-0: Fly out, F9 (Flyball, 9S)
Top of the 6th over - 0 run(s), 0 hit(s), 0 error(s), 0 left on base; Lancaster 1 - Bethesda 5
BOTTOM OF THE 6TH
Bethesda Atoms batting - Pitching for Lancaster Farmers : RHP Santiago López
Batting: RHB Carlos Deleón 0-0: Ball
1-0: Called Strike
1-1: Ground out 4-3 (Groundball, 34)
Batting: RHB Carlos León 0-0: Ball
1-0: Ball
2-0: Ball
3-0: Called Strike
3-1: Base on Balls
Pitching: LHP Terence Pasamonte
Batting: SHB Pedro Ortega 0-0: Called Strike
Carlos León is caught stealing 2nd base
0-1: Ball
1-1: Ball
2-1: Ball
3-1: Fly out, F8 (Flyball, 8LM)
Bottom of the 6th over - 0 run(s), 0 hit(s), 0 error(s), 0 left on base; Lancaster 1 - Bethesda 5
TOP OF THE 7TH
Lancaster Farmers batting - Pitching for Bethesda Atoms : LHP Mike Foltynewicz
Batting: RHB António Gonzáles 0-0: Called Strike
0-1: Ball
1-1: Fly out, F7 (Flyball, 7S)
Batting: RHB Edgardo Castro 0-0: Swinging Strike
0-1: Foul Ball, location: 2F
0-2: Foul Ball, location: 2F
0-2: Strikes out swinging
Batting: SHB Alfredo Sánchez 0-0: Called Strike
0-1: Ground out 5-3 (Groundball, 56)
Top of the 7th over - 0 run(s), 0 hit(s), 0 error(s), 0 left on base; Lancaster 1 - Bethesda 5
BOTTOM OF THE 7TH
Bethesda Atoms batting - Pitching for Lancaster Farmers : LHP Terence Pasamonte
Batting: RHB Raúl Francisco 0-0: Ground out 6-3 (Groundball, 6)
Batting: RHB Bartolo Rosas 0-0: Ball
1-0: Called Strike
1-1: Foul Ball, location: 2F
1-2: Ground out 6-3 (Groundball, 6)
Batting: RHB Carlos Soto 0-0: Ball
1-0: Fly out, F4 (Popup, 4)
Bottom of the 7th over - 0 run(s), 0 hit(s), 0 error(s), 0 left on base; Lancaster 1 - Bethesda 5
TOP OF THE 8TH
Lancaster Farmers batting - Pitching for Bethesda Atoms : LHP Mike Foltynewicz
Batting: RHB Diego Méndez 0-0: Ball
1-0: Ball
2-0: Foul Ball, location: 2F
2-1: Ball
3-1: SINGLE (Groundball, 56D)
Batting: LHB Mark Armstead 0-0: Ball
1-0: Foul Ball, location: 2F
1-1: Ball
2-1: Foul Ball, location: 2F
2-2: Foul Ball, location: 2F
2-2: SINGLE (Groundball, 34D)
Diego Méndez to second
Runner from 2nd tries for 3rd, SAFE, throw made to third
Batting: RHB Roberto Camacho 0-0: Foul Ball, location: 2F
0-1: Called Strike
0-2: Ball
1-2: Foul Ball, location: 2F
1-2: Ball
2-2: Grounds into double play, 4-6-3 (Groundball, 4)
Diego Méndez scores
Batting: LHB Carlos Germán 0-0: Called Strike
0-1: Ball
1-1: Ball
2-1: Swinging Strike
2-2: Foul Ball, location: 2F
2-2: Foul Ball, location: 2F
2-2: Fly out, F8 (Flyball, 8LS)
Top of the 8th over - 1 run(s), 2 hit(s), 0 error(s), 0 left on base; Lancaster 2 - Bethesda 5
BOTTOM OF THE 8TH
Bethesda Atoms batting - Pitching for Lancaster Farmers : LHP Terence Pasamonte
Batting: RHB Patrick Eggen 0-0: Fly out, F8 (Flyball, 8RM)
Batting: SHB Nuygen Vuong 0-0: Ball
1-0: Called Strike
1-1: Ground out 4-3 (Groundball, 4M)
Batting: RHB Albert Zamudio 0-0: Ball
1-0: Swinging Strike
1-1: Ball
2-1: Ball
3-1: Foul Ball, location: 2F
3-2: Ground out 5-3 (Groundball, 5)
Bottom of the 8th over - 0 run(s), 0 hit(s), 0 error(s), 0 left on base; Lancaster 2 - Bethesda 5
TOP OF THE 9TH
Lancaster Farmers batting - Pitching for Bethesda Atoms : LHP Mike Foltynewicz
Pitching: LHP Holden Rosen Grupp
Batting: RHB Danijel van Aalten 0-0: Ball
1-0: Swinging Strike
1-1: Ball
2-1: Ground out 6-3 (Groundball, 6)
Batting: SHB Javier Vega 0-0: Swinging Strike
0-1: Foul Ball, location: 2F
0-2: Foul Ball, location: 2F
0-2: Ball
1-2: Fly out, F9 (Flyball, 9LS)
Batting: RHB António Gonzáles 0-0: Ball
1-0: Ball
2-0: Swinging Strike
2-1: Swinging Strike
2-2: Strikes out looking
Top of the 9th over - 0 run(s), 0 hit(s), 0 error(s), 0 left on base; Lancaster 2 - Bethesda 5
Tuesday, August 15th, 2017 - OOTP Baseball 17.12 Build 75